Description

Stalker one base with proxy gate all in.

VOD

https://www.youtube.com/watch?v=0-2zhDOtReA&list=PLOrKQEirgvjCQ6jqwTI48TsG8G-kFJ0Vf&index=5

Build Order

Get SALT Encoding   

  14  0:18  Pylon  
  16  0:38  Gateway  After scouting go and hide in enemy 4th base
  17  0:49  Assimilator  
  18  0:56  Assimilator  
  19  1:10  Gateway  
  20  1:27  Cybernetics Core  
  21  1:36  Pylon  Build it at home
  21  2:04  Stalker x6, Pylon, Warp Gate  Chrono the first two and continue building stalkers, Chrono, Proxy
  31  2:34  Gateway  Proxy
  31  2:38  Gateway  At home
  35  3:05  Pylon  Continue warping Stalkers and attack once you have around 14 stlakers
  35  3:35  Stalker x8  Attack
Spawning Tool Build Advisor. Get it on Overwolf

Go to:

Details

  • Created by: EmmettFenrirWolf
  • Published on: Feb 21, 2024
  • Modified on: Feb 21, 2024
  • Patch: 5.0.11
  • Difficulty: Easy
Show
View Real Time Build Order
Export as new Build Order

Comments (0)

There are no comments. Be the first!

Create an account to comment!